TOP OF THE 1ST |
Redwood City Redwoods batting - Pitching for District 9 Prawns : RHP Mike Stabler
|
Pitching: RHP Mike Stabler
|
|
Batting: LHB Diego González
|
0-0: Ball 1-0: Ground out 4-3 (Groundball, 4)
|
Batting: SHB Luis González
|
0-0: Ball 1-0: Swinging Strike 1-1: Ball 2-1: Foul Ball, location: 2F 2-2: Foul Ball, location: 2F 2-2: Foul Ball, location: 2F 2-2: Ball 3-2: Foul Ball, location: 2F 3-2: Base on Balls
|
Batting: LHB Iván Salas
|
0-0: Ball 1-0: Ball 2-0: Ball 3-0: Base on Balls Luis González to second
|
Batting: RHB Bob Campbell
|
0-0: Grounds into double play, 6-4-3 (Groundball, 56)
|
Top of the 1st over - 0 run(s), 0 hit(s), 0 error(s), 1 left on base; Redwood City 0 - District 9 0 |
BOTTOM OF THE 1ST |
District 9 Prawns batting - Pitching for Redwood City Redwoods : RHP Manny Maldonado
|
Pitching: RHP Manny Maldonado
|
|
Batting: RHB Félix Sánchez
|
0-0: Ball 1-0: Called Strike 1-1: Ball 2-1: Ball 3-1: Called Strike 3-2: Foul Ball, location: 2F 3-2: Fly out, F7 (Flyball, 7M)
|
Batting: SHB Mark Pope
|
0-0: Ball 1-0: Ground out 1-3 (Groundball, 25)
|
Batting: LHB Leonard Harvey
|
0-0: Ball 1-0: Foul Ball, location: 2F 1-1: Ball 2-1: Ball 3-1: Base on Balls
|
Batting: RHB Rafael González
|
0-0: Ball 1-0: Called Strike 1-1: Called Strike 1-2: DOUBLE (Flyball, 7D) Leonard Harvey to third Runner from 3rd tries for Home, SAFE, no throw or cutoff
|
Batting: RHB Lateef Makini
|
0-0: Called Strike 0-1: Ball 1-1: Foul Ball, location: 2F 1-2: Ball 2-2: Strikes out swinging
|
Bottom of the 1st over - 1 run(s), 1 hit(s), 0 error(s), 1 left on base; Redwood City 0 - District 9 1 |
TOP OF THE 2ND |
Redwood City Redwoods batting - Pitching for District 9 Prawns : RHP Mike Stabler
|
Batting: LHB Nicholas Alston
|
0-0: Ball 1-0: Swinging Strike 1-1: Foul Ball, location: 2F 1-2: Foul Ball, location: 2F 1-2: Strikes out swinging
|
Batting: LHB Ryan Hensley
|
0-0: Ball 1-0: Ball 2-0: Ball 3-0: Called Strike 3-1: Base on Balls
|
Batting: RHB Tom Meyer
|
0-0: Foul Ball, location: 2F 0-1: Ball 1-1: Ball 2-1: Swinging Strike 2-2: Strikes out swinging
|
Batting: LHB Patrick Bright
|
0-0: Ball 1-0: Ball 2-0: Called Strike 2-1: Foul Ball, location: 2F 2-2: Ball 3-2: SINGLE (Groundball, 34D) Ryan Hensley to second Ryan Hensley to third
|
Batting: RHB Manuel González
|
0-0: Ball 1-0: Called Strike 1-1: Fly out, F9 (Flyball, 89D)
|
Top of the 2nd over - 0 run(s), 1 hit(s), 0 error(s), 2 left on base; Redwood City 0 - District 9 1 |
BOTTOM OF THE 2ND |
District 9 Prawns batting - Pitching for Redwood City Redwoods : RHP Manny Maldonado
|
Batting: LHB Leonard Young
|
0-0: Foul Ball, location: 2F 0-1: Swinging Strike 0-2: Ball 1-2: Strikes out swinging
|
Batting: RHB Brian Jackson
|
0-0: Called Strike 0-1: Called Strike 0-2: Strikes out swinging
|
Batting: RHB Lúcio García
|
0-0: Ball 1-0: Called Strike 1-1: Swinging Strike 1-2: Ground out 5-3 (Groundball, 5S)
|
Bottom of the 2nd over - 0 run(s), 0 hit(s), 0 error(s), 0 left on base; Redwood City 0 - District 9 1 |
TOP OF THE 3RD |
Redwood City Redwoods batting - Pitching for District 9 Prawns : RHP Mike Stabler
|
Batting: LHB Diego González
|
0-0: Ball 1-0: Swinging Strike 1-1: Ball 2-1: Ball 3-1: Base on Balls
|
Batting: SHB Luis González
|
0-0: Ball 1-0: Ball 2-0: Called Strike 2-1: Swinging Strike 2-2: Strikes out looking Diego González steals 2nd base Batter strikes out.
|
Batting: LHB Iván Salas
|
0-0: Called Strike 0-1: Ball 1-1: Called Strike 1-2: Ball 2-2: Ground out 6-3 (Groundball, 6M) Diego González to third
|
Batting: RHB Bob Campbell
|
0-0: Called Strike 0-1: Foul Ball, location: 2F 0-2: Ball 1-2: Foul Ball, location: 2F 1-2: Foul Ball, location: 2F 1-2: Ball 2-2: Strikes out swinging
|
Top of the 3rd over - 0 run(s), 0 hit(s), 0 error(s), 1 left on base; Redwood City 0 - District 9 1 |
BOTTOM OF THE 3RD |
District 9 Prawns batting - Pitching for Redwood City Redwoods : RHP Manny Maldonado
|
Batting: RHB Mal Snyder
|
0-0: Ball 1-0: Ball 2-0: Ball 3-0: Base on Balls
|
Batting: RHB Félix Sánchez
|
0-0: Foul Ball, location: 2F 0-1: Ball 1-1: Ball 2-1: Ball 3-1: Foul Ball, location: 2F 3-2: Strikes out looking
|
Batting: SHB Mark Pope
|
0-0: Ball 1-0: Fly out, F8 (Flyball, 8LM)
|
Batting: LHB Leonard Harvey
|
0-0: Ball 1-0: Called Strike 1-1: Ball 2-1: Called Strike 2-2: Ball 3-2: Foul Ball, location: 2F 3-2: Fly out, F5 (Popup, 5SF)
|
Bottom of the 3rd over - 0 run(s), 0 hit(s), 0 error(s), 1 left on base; Redwood City 0 - District 9 1 |
TOP OF THE 4TH |
Redwood City Redwoods batting - Pitching for District 9 Prawns : RHP Mike Stabler
|
Batting: LHB Nicholas Alston
|
0-0: Ball 1-0: Called Strike 1-1: Foul Ball, location: 2F 1-2: Strikes out swinging
|
Batting: LHB Ryan Hensley
|
0-0: Called Strike 0-1: Ground out 4-3 (Groundball, 34)
|
Batting: RHB Tom Meyer
|
0-0: Ball 1-0: SINGLE (Line Drive, 56D)
|
Pitching: RHP Doug Adams
|
|
Batting: LHB Patrick Bright
|
0-0: SINGLE (Groundball, 34) Tom Meyer to second Runner from 2nd tries for 3rd, SAFE, throw made to third Patrick Bright to second
|
Batting: RHB Manuel González
|
0-0: Swinging Strike 0-1: Called Strike 0-2: Ground out 6-3 (Groundball, 6M)
|
Top of the 4th over - 0 run(s), 2 hit(s), 0 error(s), 2 left on base; Redwood City 0 - District 9 1 |
BOTTOM OF THE 4TH |
District 9 Prawns batting - Pitching for Redwood City Redwoods : RHP Manny Maldonado
|
Batting: RHB Rafael González
|
0-0: Ball 1-0: Foul Ball, location: 2F 1-1: Called Strike 1-2: Ball 2-2: SINGLE (Groundball, 4MD)
|
Batting: RHB Lateef Makini
|
0-0: Ball 1-0: Ball 2-0: Ball 3-0: Called Strike 3-1: Ground out 5-3 (Groundball, 6S) Rafael González to second
|
Batting: LHB Leonard Young
|
0-0: Called Strike 0-1: Called Strike 0-2: Ball 1-2: Foul Ball, location: 2F 1-2: Ball 2-2: Foul Ball, location: 2F 2-2: Foul Ball, location: 2F 2-2: DOUBLE (Flyball, 9LS) Rafael González scores
|
Batting: RHB Brian Jackson
|
0-0: Foul Ball, location: 2F 0-1: Foul Ball, location: 2F 0-2: Ball 1-2: SINGLE (Line Drive, 6MD) Leonard Young to third Runner from 3rd tries for Home, SAFE, no throw or cutoff
|
Batting: RHB Lúcio García
|
0-0: DOUBLE (Flyball, 89D) Brian Jackson to third Runner from 3rd tries for Home, SAFE, throw made home
|
Batting: RHB Mal Snyder
|
0-0: Called Strike 0-1: Called Strike 0-2: Ball 1-2: Fly out, F9 (Flyball, 9D) Runner from 2nd tags up, SAFE at 3rd, no throw
|
Batting: RHB Félix Sánchez
|
0-0: Foul Ball, location: 2F 0-1: Swinging Strike 0-2: Ball Wild Pitch! Lúcio García scores 1-2: Foul Ball, location: 2F 1-2: Foul Ball, location: 2F 1-2: Foul Ball, location: 2F 1-2: Strikes out swinging
|
Bottom of the 4th over - 4 run(s), 4 hit(s), 0 error(s), 0 left on base; Redwood City 0 - District 9 5 |
TOP OF THE 5TH |
Redwood City Redwoods batting - Pitching for District 9 Prawns : RHP Doug Adams
|
Batting: LHB Diego González
|
0-0: Called Strike 0-1: Ball 1-1: Ball 2-1: Fly out, F5 (Popup, 5F)
|
Batting: SHB Luis González
|
0-0: Ball 1-0: Called Strike 1-1: Called Strike 1-2: Foul Ball, location: 2F 1-2: Ball 2-2: Foul Ball, location: 2F 2-2: Ball 3-2: Base on Balls
|
Batting: LHB Iván Salas
|
0-0: Ball 1-0: Ball 2-0: Ball 3-0: Base on Balls Luis González to second
|
Batting: RHB Bob Campbell
|
0-0: Foul Ball, location: 2F 0-1: Ball 1-1: Foul Ball, location: 2F 1-2: Ball 2-2: Grounds into double play, 6-4-3 (Groundball, 6)
|
Top of the 5th over - 0 run(s), 0 hit(s), 0 error(s), 1 left on base; Redwood City 0 - District 9 5 |
BOTTOM OF THE 5TH |
District 9 Prawns batting - Pitching for Redwood City Redwoods : RHP Manny Maldonado
|
Batting: SHB Mark Pope
|
0-0: Ball 1-0: Ball 2-0: Ball 3-0: Base on Balls
|
Batting: LHB Leonard Harvey
|
0-0: Called Strike 0-1: Fly out, F9 (Flyball, 89S)
|
Batting: RHB Rafael González
|
0-0: Fly out, F8 (Flyball, 8LS)
|
Batting: RHB Lateef Makini
|
0-0: Called Strike 0-1: Swinging Strike 0-2: Foul Ball, location: 2F 0-2: Ball 1-2: Strikes out swinging
|
Bottom of the 5th over - 0 run(s), 0 hit(s), 0 error(s), 1 left on base; Redwood City 0 - District 9 5 |
TOP OF THE 6TH |
Redwood City Redwoods batting - Pitching for District 9 Prawns : RHP Doug Adams
|
Batting: LHB Nicholas Alston
|
0-0: Ball 1-0: Called Strike 1-1: Ball 2-1: Called Strike 2-2: Strikes out swinging
|
Batting: LHB Ryan Hensley
|
0-0: Ball 1-0: Foul Ball, location: 2F 1-1: Ball 2-1: Foul Ball, location: 2F 2-2: Ball 3-2: Base on Balls
|
Batting: RHB Tom Meyer
|
0-0: Ball 1-0: SINGLE (Groundball, 56D) Ryan Hensley to second
|
Batting: LHB Patrick Bright
|
0-0: Swinging Strike 0-1: Called Strike 0-2: Strikes out swinging
|
Batting: RHB Manuel González
|
0-0: Called Strike 0-1: Swinging Strike 0-2: Ball 1-2: Ball 2-2: Strikes out swinging
|
Top of the 6th over - 0 run(s), 1 hit(s), 0 error(s), 2 left on base; Redwood City 0 - District 9 5 |
BOTTOM OF THE 6TH |
District 9 Prawns batting - Pitching for Redwood City Redwoods : RHP Manny Maldonado
|
Batting: LHB Leonard Young
|
0-0: SINGLE (Line Drive, 4M)
|
Pitching: RHP William Simpson
|
|
Batting: RHB Brian Jackson
|
0-0: Swinging Strike 0-1: Foul Ball, location: 2F 0-2: Foul Ball, location: 2F 0-2: Strikes out swinging
|
Batting: RHB Lúcio García
|
0-0: Ball 1-0: Grounds into double play, 6-4-3 (Groundball, 6M)
|
Bottom of the 6th over - 0 run(s), 1 hit(s), 0 error(s), 0 left on base; Redwood City 0 - District 9 5 |
TOP OF THE 7TH |
Redwood City Redwoods batting - Pitching for District 9 Prawns : RHP Doug Adams
|
Pitching: RHP António García
|
|
Batting: LHB Diego González
|
0-0: Ball 1-0: Ground out 5-3 (Groundball, 56)
|
Batting: SHB Luis González
|
0-0: Ball 1-0: Called Strike 1-1: Ball 2-1: Foul Ball, location: 2F 2-2: Fly out, F8 (Flyball, 8LXD)
|
Batting: LHB Iván Salas
|
0-0: Called Strike 0-1: Called Strike 0-2: Ball 1-2: Strikes out looking
|
Top of the 7th over - 0 run(s), 0 hit(s), 0 error(s), 0 left on base; Redwood City 0 - District 9 5 |
BOTTOM OF THE 7TH |
District 9 Prawns batting - Pitching for Redwood City Redwoods : RHP William Simpson
|
Batting: RHB Mal Snyder
|
0-0: Called Strike 0-1: Ball 1-1: Swinging Strike 1-2: Ball 2-2: Foul Ball, location: 2F 2-2: Ball 3-2: Base on Balls
|
Batting: RHB Félix Sánchez
|
0-0: Ball 1-0: Bunted foul 1-1: Bunt missed! 1-2: Foul Ball, location: 2F 1-2: Ball 2-2: Ball 3-2: Base on Balls Mal Snyder to second
|
Batting: SHB Mark Pope
|
0-0: Ball 1-0: Swinging Strike 1-1: Bunted foul 1-2: Ball 2-2: Ball 3-2: Base on Balls Mal Snyder to third Félix Sánchez to second
|
Batting: LHB Leonard Harvey
|
0-0: Ball 1-0: Ball 2-0: Ball 3-0: Base on Balls Mal Snyder scores Félix Sánchez to third Mark Pope to second
|
Batting: RHB Rafael González
|
0-0: Foul Ball, location: 2F 0-1: Foul Ball, location: 2F 0-2: Ball 1-2: Ball 2-2: Foul Ball, location: 2F 2-2: Ball 3-2: Base on Balls Félix Sánchez scores Mark Pope to third Leonard Harvey to second
|
Batting: RHB Lateef Makini
|
0-0: Foul Ball, location: 2F 0-1: Fly out, F8 (Flyball, 8LM) Runner from 3rd tags up, SCORES, throw made
|
Pitching: RHP Willie McMillan
|
|
Batting: LHB Leonard Young
|
0-0: Ball Leonard Harvey steals 3rd base Rafael González to second 1-0: Foul Ball, location: 2F 1-1: Swinging Strike 1-2: Foul Ball, location: 2F 1-2: Ball 2-2: Ball 3-2: Foul Ball, location: 2F 3-2: Strikes out swinging
|
Batting: RHB Brian Jackson
|
0-0: Called Strike 0-1: Ball 1-1: Ball 2-1: Ball 3-1: Base on Balls
|
Batting: RHB Lúcio García
|
0-0: Ball 1-0: Swinging Strike 1-1: Ball 2-1: Foul Ball, location: 2F 2-2: Foul Ball, location: 2F 2-2: Ball 3-2: Foul Ball, location: 2F 3-2: Strikes out swinging
|
Bottom of the 7th over - 3 run(s), 0 hit(s), 0 error(s), 3 left on base; Redwood City 0 - District 9 8 |
TOP OF THE 8TH |
Redwood City Redwoods batting - Pitching for District 9 Prawns : RHP António García
|
Batting: RHB Bob Campbell
|
0-0: Ball 1-0: Foul Ball, location: 2F 1-1: Ball 2-1: Ground out 6-3 (Groundball, 6)
|
Batting: LHB Nicholas Alston
|
0-0: Ball 1-0: Called Strike 1-1: Foul Ball, location: 2F 1-2: SINGLE (Flyball, 8RS)
|
Batting: LHB Ryan Hensley
|
0-0: Foul Ball, location: 2F 0-1: Foul Ball, location: 2F 0-2: Strikes out looking
|
Batting: RHB Tom Meyer
|
0-0: Fielders Choice at 2nd, 6-4 (Groundball, 6)
|
Top of the 8th over - 0 run(s), 1 hit(s), 0 error(s), 0 left on base; Redwood City 0 - District 9 8 |
BOTTOM OF THE 8TH |
District 9 Prawns batting - Pitching for Redwood City Redwoods : RHP Willie McMillan
|
Batting: RHB Mal Snyder
|
0-0: Ball 1-0: Ball 2-0: Ball 3-0: Called Strike 3-1: Called Strike 3-2: SOLO HOME RUN (Flyball, 9LD), Distance : 357 ft
|
Batting: RHB Félix Sánchez
|
0-0: Ball 1-0: Swinging Strike 1-1: Foul Ball, location: 2F 1-2: Ball 2-2: Foul Ball, location: 2F 2-2: Foul Ball, location: 2F 2-2: SINGLE (Groundball, 56D)
|
Batting: SHB Mark Pope
|
0-0: Ball 1-0: Ball Félix Sánchez steals 2nd base 2-0: Bunted foul 2-1: Bunted foul 2-2: Ground out U3 (Groundball, 3) Félix Sánchez to third
|
Batting: LHB Leonard Harvey
|
0-0: Called Strike 0-1: Ball 1-1: Foul Ball, location: 2F 1-2: Hit by Pitch
|
Batting: RHB Rafael González
|
0-0: Called Strike 0-1: Ball 1-1: Ball 2-1: Foul Ball, location: 2F 2-2: Foul Ball, location: 2F 2-2: Foul Ball, location: 2F 2-2: Ball 3-2: Grounds into double play, 4-6-3 (Groundball, 4)
|
Bottom of the 8th over - 1 run(s), 2 hit(s), 0 error(s), 1 left on base; Redwood City 0 - District 9 9 |
TOP OF THE 9TH |
Redwood City Redwoods batting - Pitching for District 9 Prawns : RHP António García
|
Batting: LHB Patrick Bright
|
0-0: Ball 1-0: Ball 2-0: Fly out, F8 (Line Drive, 8RD)
|
Batting: RHB Manuel González
|
0-0: Foul Ball, location: 2F 0-1: Foul Ball, location: 2F 0-2: SINGLE (Groundball, 4D)
|
Batting: LHB Diego González
|
0-0: Ball 1-0: Called Strike 1-1: Ball 2-1: Called Strike 2-2: Fly out, F8 (Popup, 6MD)
|
Batting: SHB Luis González
|
0-0: Foul Ball, location: 2F 0-1: Foul Ball, location: 2F 0-2: Strikes out swinging
|
Top of the 9th over - 0 run(s), 1 hit(s), 0 error(s), 1 left on base; Redwood City 0 - District 9 9 |
|